 Dungeon Crawl Stone Soup version 0.31.0-9-g3a7656b989 (webtiles) character file.

Game seed: 3672758793044898546

2457 Killerpretzel the Gusty (level 9, 0/39 HPs)
             Began as a Felid Air Elementalist on Feb 3, 2024.
             Killed by their own static electricity (1 damage)
             ... on level 8 of the Dungeon.
             The game lasted 00:27:51 (6828 turns).

Killerpretzel the Gusty (Felid Air Elementalist)    Turns: 6828, Time: 00:27:51

Health: 0/39       AC:  6    Str:  4    XL:     9   Next: 26%
Magic:  9/17       EV: 21    Int: 24    God:
Gold:   320        SH:  0    Dex: 16    Spells: 9/18 levels left
                                        Lives:  0   Deaths: 3

rFire   + . .        (weapon unavailable)
rCold   . . .        (shield unavailable)
rNeg    . . .        (body armour unavailable)
rPois   .            (helmet unavailable)
rElec   .            (cloak unavailable)
rCorr   .            (gloves unavailable)
SInv    +            (boots unavailable)
Will    +....        c - amulet of magic regeneration
Stlth   ++           q - ring of protection from fire
HPRegen 0.26/turn    z - +4 ring of protection
MPRegen 0.55/turn

%: no passive effects
@: no status effects
A: very small, claws 1, fangs 3, see invisible, shaggy fur 2, stealthy paws, no
weapons or thrown items, no armour, multi-lived
a: no special abilities


You were on level 8 of the Dungeon.
You visited 2 branches of the dungeon, and saw 9 of its levels.

You collected 320 gold pieces.

Inventory:

Jewellery
 c - an amulet of magic regeneration (around neck)
 n - a +6 ring of strength
 q - a ring of protection from fire (left paw)
 w - an amulet of guardian spirit
 z - a +4 ring of protection (right paw)
 E - a ring of fire
 G - a ring of ice
Talismans
 d - a flux talisman
 A - a blade talisman
Wands
 x - a wand of paralysis (9)
 C - a wand of light (16)
Scrolls
 e - a scroll of poison {unknown}
 g - 2 scrolls of immolation {unknown}
 h - a scroll of noise {unknown}
 i - 2 scrolls of blinking {unknown}
 l - a scroll of silence {unknown}
 o - a scroll of identify {unknown}
 s - 3 scrolls of enchant weapon {unknown}
 t - a scroll of amnesia {unknown}
 v - 2 scrolls of teleportation {unknown}
 y - 2 scrolls of fear {unknown}
 B - a scroll of revelation {unknown}
 D - a scroll of enchant armour {unknown}
Potions
 a - a potion of magic
 b - a potion of haste
 f - 2 potions of enlightenment {unknown}
 j - a potion of heal wounds {unknown}
 k - a potion of resistance {unknown}
 m - 2 potions of degeneration {unknown}
 p - 2 potions of cancellation {unknown}
 r - a potion of attraction {unknown}
 u - 2 potions of might
 F - a potion of curing {unknown}


   Skills:
 + Level 7.2 Dodging
 - Level 2.6 Stealth
 + Level 5.0 Spellcasting
 + Level 4.6 Conjurations
 * Level 7.3 Air Magic
 + Level 3.8 Shapeshifting


You had 9 spell levels left.
You knew the following spells:

 Your Spells              Type           Power      Damage    Failure   Level
a - Shock                 Conj/Air       100%       1d9       1%          1
b - Static Discharge      Conj/Air       68%        3-6/arc   1%          2
c - Airstrike             Air            20%        2d(3-19)  4%          4
d - Blink                 Tloc           12%        N/A       13%         2

Your spell library contained the following spells:

 Spells                   Type           Power      Damage    Failure   Level
 Magic Dart               Conj           100%       1d8       1%          1
 Swiftness                Air            41%        N/A       1%          3
 Sting                    Conj/Alch      68%        1d7       3%          1
 Apportation              Tloc           12%        N/A       9%          1
 Freeze                   Ice            24%        1d4       9%          1
 Necrotise                Necr           24%        1d5       9%          1
 Summon Small Mammal      Summ           24%        N/A       9%          1
 Hailstorm                Conj/Ice       17%        3d6       11%         3
 Call Imp                 Summ           12%        N/A       13%         2
 Sublimation of Blood     Necr           6%         N/A       13%         2
 Frozen Ramparts          Ice            12%        1d2       26%         3
 Vampiric Draining        Necr           6%         2d6       26%         3
 Martyr's Knell           Necr/Summ      6%         N/A       65%         4
 Petrify                  Alch/Erth      6%         N/A       65%         4
 Irradiate                Conj/Alch      8%         3d14      67%         5
 Curse of Agony           Necr           6%         N/A       94%         5
 Haunt                    Necr/Summ      3%         N/A       100%        7
 Borgnjor's Revivificati  Necr           3%         N/A       100%        8
 Death's Door             Necr           3%         N/A       100%        9


Dungeon Overview and Level Annotations

Branches:
Dungeon (8/15)             Temple (1/1) D:4            Lair (0/5) D:8

Altars:
Ashenzari
Cheibriados
Dithmenos
Hepliaklqana
Kikubaaqudgha
Makhleb
Nemelex Xobeh
Okawaru
Qazlal
Ru
Sif Muna
Trog
Vehumet
Wu Jian
Xom
Yredelemnul
Zin
The Shining One

Annotations:
D:2 Sigmund
D:4 2 transporters, Edmund; sipior's ghost, novice FoAl


Innate Abilities, Weirdness & Mutations

You have sharp claws.
You have razor-sharp teeth.
You have supernaturally acute eyesight. (SInv)
You are covered in thick fur. (AC +2)
Your paws help you pounce on unaware monsters.
You are incapable of wielding weapons or throwing items.
You cannot wear armour.
You gain extra lives every three experience levels.


Message History

You are slowing down.
A basilisk is nearby!
Casting: Static Discharge (safe; 1% risk of failure)
Confirm with . or Enter, or press ? or * to list all spells.
The basilisk is struck by an arc of lightning.
The basilisk is moderately wounded.
You are struck by an arc of lightning.
The basilisk is struck by an arc of lightning.
The basilisk is heavily wounded.
The lightning grounds out.
The basilisk gazes at you. You resist with almost no effort.
Your limbs are stiffening.
Casting: Static Discharge (safe; 1% risk of failure)
Confirm with . or Enter, or press ? or * to list all spells.
The basilisk is struck by an arc of lightning.
The basilisk is heavily wounded.
You are struck by an arc of lightning.
The basilisk is struck by an arc of lightning.
The basilisk is severely wounded.
You are struck by an arc of lightning.
The lightning grounds out.
The basilisk bites you! The basilisk gazes at you.
You resist with almost no effort.
You have turned to stone.
The basilisk bites you!
The basilisk bites you but does no damage.
The basilisk gazes at you. You resist with almost no effort.
The basilisk bites you! x2
* * * LOW HITPOINT WARNING * * *
The basilisk completely misses you. The basilisk bites you!
* * * LOW HITPOINT WARNING * * *
The basilisk bites you but does no damage.
You turn to flesh and can move again.
Casting: Static Discharge (safe; 1% risk of failure)
Confirm with . or Enter, or press ? or * to list all spells.
The basilisk is struck by an arc of lightning!
The basilisk is severely wounded.
You are struck by an arc of lightning.
You die...

............#
###########.# #.# ##.##
#...########
#........>.#
#.(.######.#
###################.###
...)...........l@.....#
.......###########.##.#
.####..# #.##.#
...###.# #.##.# #..#
### #.##.# ..#
#.##.###### ..#
#.##......# ..#
#.#######.# ..# ####
#.# #.#


You could see a basilisk.

Vanquished Creatures
  Grinder (D:5)
  A yak (D:8)
  A water moccasin (D:7)
  A sky beast (D:7)
  2 black bears (D:5)
  An orc warrior (D:6)
  4 ice beasts
  2 ogres (D:6)
  A phantom (D:6)
  A bullfrog (D:7)
  3 scorpions
  2 bombardier beetles
  4 orc priests
  2 hounds
  6 orc wizards
  3 sleepcaps
  6 iguanas
  4 adders
  A shadow imp (D:6)
  6 ufetubi
  2 dart slugs
  4 ribbon worms
  22 orcs
  8 bats
  2 endoplasms (D:1)
  4 giant cockroaches
  3 goblins
  7 hobgoblins
  16 jackals
  3 quokkas (D:1)
  6 ball pythons
  5 frilled lizards
  3 kobolds
  9 rats
146 creatures vanquished.

Vanquished Creatures (others)
  An angel (D:4)
1 creature vanquished.

Grand Total: 147 creatures vanquished

Notes
Turn   | Place    | Note
-------+----------+-------------------------------------------
     0 | D:1      | Killerpretzel the Felid Air Elementalist began the quest
                  | for the Orb.
     0 | D:1      | Reached XP level 1. HP: 9/9 MP: 4/4
    46 | D:1      | Reached skill level 1 in Conjurations
   157 | D:1      | Reached XP level 2. HP: 13/13 MP: 3/6
   160 | D:1      | Learned a level 2 spell: Static Discharge
   343 | D:1      | Found a faded altar of an unknown god.
   604 | D:1      | Reached XP level 3. HP: 15/16 MP: 3/7
  1172 | D:2      | Noticed Sigmund
  1750 | D:3      | Reached XP level 4. HP: 21/21 MP: 6/8
  1750 | D:3      | Gained a life (2 lives remaining)
  2225 | D:3      | Reached skill level 1 in Shapeshifting
  2509 | D:3      | Found a shimmering blue altar of Sif Muna.
  2526 | D:3      | Reached XP level 5. HP: 21/24 MP: 5/9
  2946 | D:4      | Found a glowing silver altar of Zin.
  2946 | D:4      | Found a shimmering altar of Xom.
  2946 | D:4      | Noticed an angel
  2952 | D:4      | Learned a level 4 spell: Airstrike
  3073 | D:4      | Gained mutation: You are covered in thick fur. (AC +2)
                  | [Felid growth]
  3073 | D:4      | Reached XP level 6. HP: 28/28 MP: 8/11
  3100 | D:4      | Noticed Edmund
  3381 | D:4      | Found a transporter.
  3442 | D:4      | Found a staircase to the Ecumenical Temple.
  3457 | Temple   | Entered the Ecumenical Temple
  3488 | D:4      | Identified the +0 cloak of Burning Life {Dex+3 Stlth+}
  3492 | D:4      | Found a transporter.
  3495 | D:4      | Noticed sipior's ghost (novice FoAl)
  3621 | D:5      | Entered Level 5 of the Dungeon
  3682 | D:4      | Killed an angel
  3828 | D:5      | Reached XP level 7. HP: 8/32 MP: 3/12
  4093 | D:5      | Reached skill level 5 in Air Magic
  4196 | D:5      | Reached skill level 5 in Dodging
  4250 | D:5      | Slain by an ice beast
  4250 | D:5      | Lost a life (1 life remaining)
  4508 | D:5      | HP: 1/32 [black bear (6)]
  4508 | D:5      | Slain by a black bear
  4508 | D:5      | Lost a life (0 lives remaining)
  4864 | D:6      | Noticed Grinder
  4880 | D:6      | Paralysed by Grinder for 3 turns
  4885 | D:5      | Killed Grinder
  4886 | D:5      | Reached XP level 8. HP: 25/36 MP: 4/15
  4886 | D:5      | Gained a life (1 life remaining)
  5141 | D:6      | Found a radiant altar of Vehumet.
  5853 | D:7      | Reached XP level 9. HP: 27/39 MP: 13/17
  6017 | D:7      | Succumbed to a water moccasin's poison
  6017 | D:7      | Lost a life (0 lives remaining)
  6346 | D:7      | Found an iron altar of Okawaru.
  6479 | D:7      | Found a basalt altar of Yredelemnul.
  6481 | D:7      | Found a hazy altar of Hepliaklqana.
  6484 | D:7      | Found a sacrificial altar of Ru.
  6665 | D:8      | Learned a level 2 spell: Blink
  6683 | D:8      | Found a burning altar of Makhleb.
  6785 | D:8      | Found a staircase to the Lair.
  6817 | D:8      | Reached skill level 5 in Spellcasting
  6826 | D:8      | HP: 1/39 [basilisk (7)]
  6828 | D:8      | Killed from afar by themself

Illustrated notes

Levels and vault maps discovered:
D:1:      roderic_dead_forest, layout_basic,
          shapermc_ecumenical_altar_hornbeckon
D:2:      layout_loops_ring, uniq_sigmund
D:3:      layout_loops_ring, nicolae_overflow_crystal_walls, eino_tiny_chamber
D:4:      layout_rooms, grunt_temple_overflow_order_and_chaos_1,
          minmay_temple_entry_statues_pillars, gammafunk_ghost_mausoleum,
          uniq_edmund
D:5:      layout_basic, ldierk_geyser, roderic_st_hans_cross, minmay_holes,
          minmay_checkerbox
D:6:      layout_gridville, vehumet_crystals, kennysheep_nondescript,
          grunt_decor_resistance, uniq_grinder
D:7:      dreamdust_elfheim, layout_basic, mainiacjoe_overflow_alcove_1,
          minmay_overflow_temple_star_quad, hangedman_decor_clover_reticule,
          dk_noncrumbling_2, hex_large
D:8:      kennysheep_windowed_halls, layout_loops_ring, bloody_makhleb,
          david_lair_generic
Temple:   dpeg_three_leaves_temple

Skill      XL: |  1  2  3  4  5  6  7  8  9 |
---------------+----------------------------+-----
Conjurations   | 1 2 3 4 |  4.6
Dodging        | 3 4 5 6 7 |  7.2
Air Magic      | 3 4 5 6 7 |  7.3
Shapeshifting  | 1 2 3 |  3.8
Spellcasting   | 3 4 5 |  5.0
Stealth        | |  2.6

Action                     |  1- 3 |  4- 6 |  7- 9 || total
---------------------------+-------+-------+-------++-------
  Melee: Unarmed           |     1 |       |     2 ||     3
   Cast: Shock             |    85 |    64 |    49 ||   198
         Static Discharge  |    14 |    40 |    73 ||   127
         Airstrike         |       |     1 |    20 ||    21
    Use: Potion            |       |       |     2 ||     2
 Armour: Skin              |    23 |    61 |   108 ||   192
  Dodge: Dodged            |    17 |    34 |    68 ||   119
         Form:             |     1 |       |       ||     1
         Flux              |     1 |       |       ||     1
